 Dungeon Crawl Stone Soup version 0.27-a0-1122-g2a214b436d (webtiles) character file.

Game seed: 9988801964551718012

39 DasRunzen the Skirmisher (level 3, 0/31 HPs)
             Began as a Palentonga Fighter on May 3, 2021.
             Slain by an adder (3 damage)
             ... on level 1 of the Dungeon.
             The game lasted 00:02:46 (1163 turns).

DasRunzen the Skirmisher (Palentonga Fighter)       Turns: 1163, Time: 00:02:47

Health: 0/31       AC:  6    Str: 20    XL:     3   Next: 28%
Magic:  3/3        EV:  5    Int:  8    God:
Gold:   67         SH:  8    Dex:  9    Spells: 2/2 levels left

rFire    . . .     SeeInvis +   a - +0 war axe
rCold    . . .     Faith    .   c - +0 kite shield
rNeg     . . .     Spirit   .   b - +0 scale mail
rPois    .         Reflect  .   (no helmet)
rElec    .         Harm     .   (no cloak)
rCorr    .         Rampage  .   (no gloves)
Will     .....                  (no barding)
Stlth    ..........             (no amulet)
HPRegen  0.10/turn              (no ring)
MPRegen  0.08/turn              (no ring)

@: no status effects
A: large, rugged brown scales 3, see invisible, deformed body, roll 1, armoured
tail
a: Rolling Charge


You were on level 1 of the Dungeon.
You visited 1 branch of the dungeon, and saw 2 of its levels.

You collected 67 gold pieces.

Inventory:

Hand Weapons
 a - a +0 war axe (weapon)
Armour
 b - a +0 scale mail (worn)
 c - a +0 kite shield (worn)
Potions
 d - a potion of might
 h - a potion of brilliance {unknown}
 i - a potion of haste {unknown}


   Skills:
 + Level 3.3 Fighting
 + Level 2.5 Axes
 + Level 2.7 Armour
 + Level 2.8 Shields


You had 2 spell levels left.
You didn't know any spells.
Your spell library was empty.

Dungeon Overview and Level Annotations

Branches:
Dungeon (2/15)

Altars:


Innate Abilities, Weirdness & Mutations

You are completely covered in rugged brown scales. (AC +3, +7% HP)
You have supernaturally acute eyesight. (SInv)
Armour fits poorly on your strangely shaped body.
You can roll at nearby foes to attack.
You have a long armoured tail.


Message History

You feel better.
A gnoll comes into view. It is wielding a +0 club.
You block the adder's attack. You block the gnoll's attack.
A gnoll comes into view. It is wielding a +0 club.
The adder completely misses you.
There are monsters nearby!
You block the adder's attack. You block the adder's attack.
There is a stone staircase leading up here.
The adder bites you.
* * * LOW HITPOINT WARNING * * *
You climb upwards.
There is a stone staircase leading down here.
You miss the adder.
The adder is moderately wounded.
You block the adder's attack. The adder bites you but does no damage.
You hit the adder.
You tail-slap the adder, but do no damage.
The adder is severely wounded.
The adder bites you.
* * * LOW HITPOINT WARNING * * *
You block the adder's attack.
Your shield and scale mail prevent you from hitting the adder.
The adder is severely wounded.
The adder barely misses you. You block the adder's attack.
You closely miss the adder.
The adder is severely wounded.
The adder bites you but does no damage. x2
You miss the adder.
The adder is severely wounded.
You block the adder's attack. x2
Okay, then.
You closely miss the adder.
The adder is severely wounded.
The adder bites you but does no damage. x2
You hit the adder.
The adder is severely wounded.
The adder barely misses you. The adder bites you but does no damage.
The adder bites you.
You die...

#.#.# #.##†########...#####.#
#.#.# #.......# #..## #.# #.#.#
#.##.##.# #..# #.#
#.#.#####....##.# #..# #.#
##............##.#####..######.##
.........###.....................
..........######.##............##
..##..##...# #.##.#.....#.##.#
..##..###..# #@##.#.##[##.##.#
..##..# #..#####S..............#
..##..###.........#.#.##.##.##.#
..##............(...#.##.##.##.#
..##.#####.######.###..#.......#
###### ### #.# ##.####.##.#
######### ####.# #.# #.##.#
###K#V#i#9# #....# #.# #.##.##
#d############.#..# #.# #.##.##


You could see an adder.

Vanquished Creatures
  2 dart slugs (D:1)
  4 endoplasms (D:1)
  2 giant cockroaches (D:1)
  2 hobgoblins (D:1)
  6 jackals (D:1)
  2 quokkas (D:1)
  2 ball pythons (D:1)
  4 bats (D:1)
  4 frilled lizards (D:1)
  3 kobolds (D:1)
  A rat (D:1)
32 creatures vanquished.

Notes
Turn   | Place    | Note
-------+----------+-------------------------------------------
     0 | D:1      | DasRunzen the Palentonga Fighter began the quest for the
                  | Orb.
     0 | D:1      | Reached XP level 1. HP: 19/19 MP: 1/1
     1 | D:1      | Noticed a gargoyle
     2 | D:1      | Noticed an ogre
     5 | D:1      | Noticed a vine stalker
     8 | D:1      | Noticed a centaur
     9 | D:1      | Noticed a vine stalker
    11 | D:1      | Noticed a draconian
    11 | D:1      | Noticed a dwarf
    15 | D:1      | Noticed a vampire
    15 | D:1      | Noticed a ghoul
    15 | D:1      | Noticed an ogre
    17 | D:1      | Noticed a spriggan
    17 | D:1      | Noticed a centaur
    19 | D:1      | Noticed a gargoyle
    19 | D:1      | Noticed a troll
    53 | D:1      | Reached XP level 2. HP: 16/25 MP: 2/2
   332 | D:1      | Reached XP level 3. HP: 31/31 MP: 3/3
   343 | D:1      | Found a faded altar of an unknown god.
  1145 | D:2      | HP: 1/31 [poisoned by an adder]
  1163 | D:1      | Slain by an adder

Illustrated notes

Levels and vault maps discovered:
D:1:      shiori_arrival_whats_in_store_for_you, layout_loops_ring,
          hellmonk_ecumenical_altar_inner_sanctum
D:2:      layout_loops_ring, basic_altar, grunt_decor_cap

Action                   || total
-------------------------++-------
Melee: War axe           ||    93
       Tailslap          ||     7
 Abil: Rolling Charge    ||     2
  Use: Scroll            ||     2
       Potion            ||     1
Armor: Scale mail        ||    57
Dodge: Dodged            ||    29
Block: Kite shield       ||    59

Table legend: (Time is in decaauts)
 A = Elapsed time spent in this place.
 B = Non-inter-level travel time spent in this place.
 C = Inter-level travel time spent in this place.
 D = Time resting spent in this place.
 E = Time spent auto-exploring this place.
 F = Levels seen in this place.
 G = Mean time per level.
                   A        B        C        D        E       F      G
               +--------+--------+--------+--------+--------+-----+--------+
         Total |   1218 |   1141 |     77 |      0 |    928 |   2 |  609.0 |
       Dungeon |   1218 |   1141 |     77 |      0 |    928 |   2 |  609.0 |
               +--------+--------+--------+--------+--------+-----+--------+

Top non-repeatable levels by time:
     D:1: 1180 daAuts
     D:2: 37 daAuts
